 Dungeon Crawl Stone Soup version 0.31-a0-344-gd109795599 (webtiles) character file.

Game seed: 13923606528427280633

16989 Midn8 the Grappler (level 12, -4/115 HPs)
             Began as a Purple Draconian Berserker on July 21, 2023.
             Was an Elder of Trog.
             Slain by an azure jelly (24 damage)
             ... in an ice cave.
             The game lasted 00:25:46 (11363 turns).

Midn8 the Grappler (Purple Draconian Berserker)    Turns: 11363, Time: 00:25:47

Health: -4/115     AC:  8    Str: 26    XL:     12   Next: 14%
Magic:  12/12      EV: 19    Int:  7    God:    Trog [****..]
Gold:   806        SH: 15    Dex: 16    Spells: 11/11 levels left

rFire   . .          .
                       - Unarmed
rCold   . . .        M - +0 kite shield
rNeg    . . .        (body armour unavailable)
rPois   .            (helmet currently unavailable)
rElec   .            (cloak currently unavailable)
rCorr   .            (gloves currently unavailable)
SInv    .            g - melded +1 pair of boots
Will    +....        t - amulet of reflection
Stlth   +            q - +5 ring of evasion
HPRegen 0.39/turn    A - +6 ring of strength
MPRegen 0.13/turn

%: reflection
@: beast-form
A: beast (slay +2), breathe power, AC +8, unfitting armour, cold-blooded
a: Breathe Dispelling Energy, Begin Untransformation, Renounce Religion,
Berserk, Trog's Hand, Brothers in Arms


You were in an ice cave.
You worshipped Trog.
Trog was greatly pleased with you.
You were a hulking beast.
You visited 2 branches of the dungeon, and saw 13 of its levels.
You also visited: Ice Cave.

You collected 806 gold pieces.

Inventory:

Missiles
 f - 9 javelins
 y - 12 poisoned darts
 C - 2 curare-tipped darts
 D - 5 throwing nets
Armour
 g - a +1 pair of boots (melded)
 n - an orb of mayhem
 o - a +0 tower shield
 M - a +0 kite shield (worn)
 O - a +0 hat
Jewellery
 q - a +5 ring of evasion (left hand)
 t - an amulet of reflection (around neck)
 x - a ring of willpower
 A - a +6 ring of strength (right hand)
 L - an amulet of faith
Talismans
 l - a beast talisman
Wands
 d - a wand of flame (51) (quivered)
 p - a wand of iceblast (10)
 G - a wand of light (8)
Scrolls
 b - 4 scrolls of teleportation
 j - 2 scrolls of fog
 r - 3 scrolls of poison
 s - a scroll of vulnerability {unknown}
 v - a scroll of amnesia
 z - 3 scrolls of enchant weapon
 E - a scroll of torment
 H - a scroll of immolation {unknown}
 J - a scroll of revelation
 K - 2 scrolls of enchant armour
 N - a scroll of fear {unknown}
Potions
 a - a potion of curing {unknown}
 c - 2 potions of enlightenment
 e - 6 potions of might
 i - 2 potions of resistance
 k - 3 potions of ambrosia
 m - 2 potions of heal wounds
 u - 2 potions of lignification
 w - a potion of mutation {unknown}
 B - 3 potions of haste
 F - 2 potions of attraction
 I - a potion of invisibility {unknown}
 P - a potion of magic {unknown}


   Skills:
 - Level 13.5 Fighting
 - Level 4.0 Throwing
 - Level 5.6 Dodging
 - Level 7.0 Shields
 + Level 14.3 Unarmed Combat
 - Level 4.0 Evocations
 - Level 3.0 Shapeshifting


You had 11 spell levels left.
You didn't know any spells.
Your spell library was empty.

Dungeon Overview and Level Annotations

Branches:
Dungeon (12/15)            Temple (0/1) D:4            Lair (1/5) D:9
    Orc (0/2) D:10          IceCv (1/1)

Altars:
Makhleb
Uskayaw
Zin
Lugonu

Shops:
D:2 (   D:6 :   D:8 *   D:9 *

Portals:
Abyss: D:10

Annotations:
D:10 2 runed translucent doors IceCv exclusion: 2 ice statues


Innate Abilities, Weirdness & Mutations

You are a hulking beast.
Your limbs bulge with bestial killing power. (Slay +2)
You can breathe bolts of dispelling energy.
Your rich purple scales are hard. (AC +8)
You cannot fit into any form of body armour.
You are cold-blooded and may be slowed by cold attacks.


Message History

You block the great orb of eyes simulacrum's attack.
The ice statue gestures at you. The bolt of cold hits you!
* * * LOW HITPOINT WARNING * * *
You block the ice beast's attack.
As you read the scroll of teleportation, it crumbles to dust.
You feel strangely unstable. You block the ice beast's attack.
The ice statue gestures.
The ice beast barely misses you.
Unknown command.
Your surroundings suddenly seem different. 2 azure jellies come into view.
Found six items.
Found a viscous altar of Jiyva.
Your ogre goes berserk!
The azure jelly quivers.
The azure jelly jiggles.
You block the azure jelly's attack. x2; The azure jelly closely misses you. x2
The azure jelly hits you but does no damage.
The azure jelly misses you.
The azure jelly hits you but does no damage.
The azure jelly completely misses you.
Your ogre goes berserk!
Trog will no longer gift you weapons.
You feel yourself speed up.
You block the azure jelly's attack. x2; The azure jelly closely misses you.
The azure jelly hits you but does no damage. x2
The azure jelly completely misses you. x2; The azure jelly hits you.
* * * LOW HITPOINT WARNING * * *
The azure jelly completely misses you. x2; The azure jelly hits you.
* * * LOW HITPOINT WARNING * * *
The azure jelly hits you.
* * * LOW HITPOINT WARNING * * *
Your ogre hits the azure jelly with a +0 giant club!!!
The azure jelly closely misses you. The azure jelly completely misses you.
The azure jelly barely misses you. You block the azure jelly's attack.
Unknown command.
Your ogre barely misses the azure jelly.
The azure jelly hits you.
* * * LOW HITPOINT WARNING * * *
The azure jelly freezes you!!
You die...

#.......### #
###.......####
######.........
##.....######...Y
####........
#####
##))....#...
#:........#..
#=....#._....
#$..hJ....#
##)$OJO.#....
####........
##.....# ######


You could see 2 azure jellies and 2 friendly ogres.

Vanquished Creatures
  Harold (D:11)
  4 two-headed ogres
  2 cyclopes
  A gargoyle (D:11)
  2 cane toads (Lair:1)
  A black mamba (Lair:1)
  Maggie (D:9)
  3 komodo dragons
  A red devil (D:9)
  A troll (D:11)
  2 hornets (D:8)
  Prince Ribbit (D:7)
  4 blink frogs (Lair:1)
  7 slime creatures (IceCv)
  A centaur simulacrum (D:11)
  A shadow (D:10)
  A wyvern (D:9)
  A vampire (D:11)
  A ynoxinul (D:9)
  8 yaks
  2 steam dragons
  4 vampire mosquitoes
  Grum (D:8)
  A chaos spawn (D:9)
  2 acid dragons (D:10)
  3 water moccasins
  3 orc warriors
  A sky beast (D:6)
  2 ice beasts
  A black bear (D:5)
  3 ogres
  6 wolves
  A centaur (D:11)
  2 slime creature simulacra (IceCv)
  3 kobold brigands
  4 scorpions
  8 bullfrogs
  2 gnoll sergeants
  3 glowing shapeshifter simulacra (IceCv)
  12 wights
  3 howler monkeys
  A crimson imp (D:9)
  A quasit (D:9)
  A gnoll bouda (D:9)
  5 jellies
  5 orc priests
  A hound (D:5)
  2 iron imps (D:9)
  4 sleepcaps
  5 iguanas
  7 orc wizards
  15 gnolls
  4 adders
  A shadow imp (D:5)
  4 white imps
  4 ufetubi
  2 worms
  4 dart slugs
  27 orcs
  7 ball pythons
  15 endoplasms
  A giant cockroach (D:3)
  6 goblins
  9 hobgoblins
  19 kobolds
  3 quokkas
  5 bats
  5 frilled lizards
  3 rats
277 creatures vanquished.

Notes
Turn   | Place    | Note
-------+----------+-------------------------------------------
     0 | D:1      | Midn8 the Draconian Berserker began the quest for the Orb.
     0 | D:1      | Reached XP level 1. HP: 19/19 MP: 1/1
   139 | D:1      | Reached XP level 2. HP: 26/26 MP: 2/2
   276 | D:1      | Reached skill level 4 in Unarmed Combat
   656 | D:2      | Found Cebafishryjekh's Weapon Shop.
   679 | D:2      | Reached XP level 3. HP: 24/31 MP: 3/3
   682 | D:2      | Reached ** piety under Trog
  1397 | D:3      | Reached skill level 5 in Unarmed Combat
  1397 | D:3      | Reached XP level 4. HP: 38/38 MP: 4/4
  1558 | D:3      | Found a glowing silver altar of Zin.
  1816 | D:3      | Reached XP level 5. HP: 32/45 MP: 5/5
  1817 | D:3      | Reached skill level 6 in Unarmed Combat
  1897 | D:3      | Reached *** piety under Trog
  2706 | D:4      | Reached XP level 6. HP: 27/51 MP: 6/6
  3087 | D:4      | Found a staircase to the Ecumenical Temple.
  3095 | D:4      | Reached skill level 7 in Unarmed Combat
  3237 | D:5      | Entered Level 5 of the Dungeon
  3276 | D:5      | Identified 2 scrolls of acquirement
  3276 | D:5      | Acquired a manual of Fighting
  3459 | D:5      | Reached skill level 8 in Unarmed Combat
  3459 | D:5      | Your scales start taking on a rich purple colour.
  3459 | D:5      | Reached XP level 7. HP: 57/57 MP: 7/7
  3582 | D:5      | Reached skill level 5 in Fighting
  3766 | D:5      | Reached skill level 1 in Shapeshifting
  3824 | D:5      | Identified the +1 helmet "Yqec" {Str+3 Dex-2 Stlth+}
  4078 | D:5      | Noticed a steam dragon
  4085 | D:5      | Killed a steam dragon
  4086 | D:5      | Reached XP level 8. HP: 71/71 MP: 8/8
  4413 | D:6      | Noticed a komodo dragon
  4437 | D:6      | Noticed a two-headed ogre
  4439 | D:6      | Reached skill level 9 in Unarmed Combat
  4532 | D:6      | Killed a two-headed ogre
  4533 | D:6      | Reached skill level 10 in Fighting
  4533 | D:6      | Reached XP level 9. HP: 86/86 MP: 9/9
  4622 | D:6      | Reached skill level 1 in Evocations
  4663 | D:6      | Reached skill level 1 in Throwing
  4786 | D:6      | Noticed a cyclops
  4911 | D:6      | Killed a komodo dragon
  4928 | D:6      | Reached **** piety under Trog
  5018 | D:6      | Killed a cyclops
  5315 | D:6      | Found Vauxtef's Book Emporium.
  5315 | D:6      | Noticed a walking frostbound tome
  5317 | D:6      | Noticed a walking frostbound tome
  5603 | D:7      | Acquired a +5 ring of evasion
  5702 | D:7      | Reached skill level 10 in Unarmed Combat
  5983 | D:7      | Noticed Prince Ribbit
  5994 | D:7      | Killed Prince Ribbit
  5995 | D:7      | Reached XP level 10. HP: 96/96 MP: 10/10
  6424 | D:8      | Reached skill level 11 in Unarmed Combat
  6607 | D:8      | Identified the +1 whip "Gaulet" {pain, Str+2}
  6624 | D:8      | Found Ytwuru Hargh's Neck Hole.
  7010 | D:8      | Noticed Grum
  7027 | D:8      | Killed Grum
  7282 | D:9      | Noticed Maggie
  7291 | D:9      | Killed Maggie
  7292 | D:9      | Reached skill level 5 in Dodging
  7368 | D:9      | Reached skill level 12 in Unarmed Combat
  7381 | D:9      | Found a staircase to the Lair.
  7402 | D:9      | Reached ***** piety under Trog
  7624 | D:9      | Found Vinygeg's Assorted Antiques.
  8143 | D:10     | Entered Level 10 of the Dungeon
  8157 | D:10     | Found a staircase to the Orcish Mines.
  8253 | D:10     | Reached XP level 11. HP: 107/107 MP: 11/11
  8569 | D:10     | Found a one-way gate to the infinite horrors of the Abyss.
  8569 | D:10     | Identified the +1 dagger "Ydips" {distort, rCorr Int+4
                  | Stlth+}
  8570 | D:10     | Noticed a green ugly thing
  8729 | D:10     | Found a large runed translucent door.
  8729 | D:10     | Found a large runed translucent door.
  8729 | D:10     | Found a corrupted altar of Lugonu.
  8925 | D:10     | Found a hide-covered altar of Uskayaw.
  9397 | D:11     | Noticed Harold
  9412 | D:11     | Killed Harold
  9679 | D:11     | Reached skill level 5 in Shields
  9820 | D:11     | Noticed a two-headed ogre
  9836 | D:11     | Killed a two-headed ogre
 10120 | D:11     | Noticed a two-headed ogre
 10129 | D:11     | Killed a two-headed ogre
 10244 | D:11     | Found a burning altar of Makhleb.
 10306 | D:11     | Noticed a two-headed ogre
 10314 | D:11     | Killed a two-headed ogre
 10436 | D:12     | Noticed a boulder beetle
 10514 | Lair:1   | Entered Level 1 of the Lair of Beasts
 10526 | Lair:1   | Reached skill level 13 in Unarmed Combat
 10770 | Lair:1   | Found a frozen archway.
 10785 | Lair:1   | Reached XP level 12. HP: 90/115 MP: 12/12
 10796 | IceCv    | Entered an ice cave
 10943 | IceCv    | Identified the +2 demon blade "Geosioh" {heavy, Will+}
                  | (Trog gifted it to you in an ice cave)
 10943 | IceCv    | Received a gift from Trog
 11026 | IceCv    | Reached skill level 14 in Unarmed Combat
 11360 | IceCv    | Found a viscous altar of Jiyva.
 11360 | IceCv    | Noticed an azure jelly
 11360 | IceCv    | Noticed an azure jelly
 11363 | IceCv    | Slain by an azure jelly

Illustrated notes

Levels and vault maps discovered:
D:1:      mushboom_english_gardens, layout_rooms
D:2:      layout_loops_cross, serial_shops, shop
D:3:      cheibrodos_fertilizer, layout_basic, lemuel_tele_altar,
          corner_web_ring
D:4:      layout_cave_pods, minmay_temple_entry_stoned_glass, nrook_campfire
D:5:      layout_basic, kennysheep_generic_room_11
D:6:      cheibrodos_fzero, layout_basic, serial_shops, nicolae_shop_mannequins
D:7:      layout_gridville, hangedman_abyss_or_decor_passed, uniq_prince_ribbit1
D:8:      layout_gridville, nicolae_shop_sticking_my_neck_out, uniq_grum
D:9:      layout_basic, dpeg_oklobed_lair, serial_shops,
          nicolae_shop_just_a_little_nook, nicolae_demonic_statue_gallery,
          uniq_maggie
D:10:     due_chaos_kobolds, layout_basic, kennysheep_little_box, orc_0_dummy
D:11:     kennysheep_spiral_hall, layout_loops_ring, grunt_decor_one_mirror,
          bloody_makhleb, uniq_harold
D:12:     layout_gridville, nicolae_trove_entry_isolated, led_sif_pool
Lair:1:   layout_roguey, portal_ice_cave_entry_pillars_1, basic_altar,
          cheibrodos_lair_reptile_den
IceCv:    ice_cave_hellmonk_azure_passage

Skill      XL: |  1  2  3  4  5  6  7  8  9 10 11 12 |
---------------+-------------------------------------+-----
Unarmed Combat | 4 5 6 8 9 10 12 13 14 | 14.3
Fighting       | 6 10 11 13 | 13.5
Shapeshifting  | 3 |  3.0
Evocations     | 4 |  4.0
Throwing       | 4 |  4.0
Dodging        | 3 5 |  5.6
Shields        | 7 |  7.0

Action                     |  1- 3 |  4- 6 |  7- 9 | 10-12 || total
---------------------------+-------+-------+-------+-------++-------
  Melee: Unarmed           |   116 |   141 |   208 |   402 ||   867
         Tailslap          |    15 |    19 |    38 |    62 ||   134
         Punch             |     2 |     1 |    18 |    16 ||    37
  Throw: Dart              |       |       |     7 |     4 ||    11
 Invoke: Berserk           |     1 |     2 |     5 |     8 ||    16
         Brothers in Arms  |       |       |       |     2 ||     2
Ability: Breathe Dispellin |       |       |     4 |     4 ||     8
  Evoke: Wand              |       |       |       |     3 ||     3
    Use: Scroll            |       |     6 |     5 |    12 ||    23
   Stab: Sleeping          |       |     2 |     2 |     1 ||     5
         Distracted        |       |       |       |     1 ||     1
 Armour: Skin              |    29 |    27 |    39 |    44 ||   139
  Dodge: Dodged            |    66 |    55 |    98 |   199 ||   418
  Block: Other             |       |    14 |    34 |    36 ||    84
         Reflection        |       |     1 |     1 |     1 ||     3
         Kite shield       |       |       |       |   119 ||   119
   Form: Beast             |       |       |     1 |       ||     1

Table legend: (Time is in decaauts)
 A = Elapsed time spent in this place.
 B = Non-inter-level travel time spent in this place.
 C = Inter-level travel time spent in this place.
 D = Time resting spent in this place.
 E = Time spent auto-exploring this place.
 F = Levels seen in this place.
 G = Mean time per level.
                   A        B        C        D        E       F      G
               +--------+--------+--------+--------+--------+-----+--------+
         Total |  11415 |  11030 |    385 |   3092 |   5764 |  14 |  815.4 |
       Dungeon |  10580 |  10227 |    353 |   2634 |   5764 |  12 |  881.7 |
          Lair |    264 |    232 |     32 |     61 |      0 |   1 |  264.0 |
      Ice Cave |    570 |    570 |      0 |    396 |      0 |   1 |  570.0 |
               +--------+--------+--------+--------+--------+-----+--------+

Top non-repeatable levels by time:
    D:10: 1284 daAuts
     D:6: 1224 daAuts
    D:11: 1100 daAuts
     D:3: 1042 daAuts
     D:5: 1035 daAuts
     D:9: 962 daAuts
     D:8: 946 daAuts
     D:4: 886 daAuts
     D:7: 767 daAuts
     D:2: 752 daAuts
     D:1: 575 daAuts
   IceCv: 570 daAuts
  Lair:1: 264 daAuts
    D:12: 1 daAuts
